Map: Automaton LE

Players

HellraiseR - Winner!

  • Race: Protoss Protoss
  • League: Master
  • Spawn Location: 9:00

llllllllllll

  • Race: Zerg Zerg
  • Spawn Location: 3:00

VOD

Have the link to the VOD?

Description

Time

  • Played on: March 4, 2019, 8:47 a.m.
  • Length: 8:51
Show
View Real Time Build Order
Export as new Build Order

HellraiseR Protoss - Winner!

Build Orders: 1 Gate Expand 

Get SALT Encoding   

  12  0:00  Probe  
  13  0:13  Probe  
  14  0:19  Pylon  
  14  0:22  Probe  
  15  0:33  Probe  
  15  0:39  Gateway  
  16  0:43  Probe  
  16  0:48  Assimilator  
  17  0:55  Probe  
  18  1:07  Probe  
  19  1:23  Nexus  
  19  1:26  Probe  
  20  1:35  Cybernetics Core  
  20  1:39  Probe  
  21  1:45  Assimilator  
  21  1:51  Probe  
  22  1:54  Pylon  
  22  2:00  Probe  
  22  2:03  Stalker  
  23  2:08  Probe  
  26  2:17  Probe  
  26  2:22  Robotics Facility  
  27  2:29  Probe  
  28  2:32  Probe  
  31  2:40  Probe  
  31  2:41  Probe  
  33  2:44  Warp Gate  
  33  2:50  Probe  
  33  2:53  Probe  
  35  3:00  Immortal  
  35  3:02  Probe  
  35  3:03  Gateway  
  34  3:05  Probe  
  39  3:14  Probe  
  39  3:18  Probe  
  41  3:22  Pylon  
  41  3:26  Probe  
  42  3:30  Probe  
  42  3:32  Immortal  
  43  3:37  Twilight Council  
  43  3:38  Probe  
  44  3:43  Probe  
  49  3:50  Pylon, Probe  
  50  3:56  Probe  
  50  3:57  Assimilator  
  50  4:01  Assimilator  
  50  4:02  Warp Prism, Probe  
  52  4:08  Probe  
  53  4:14  Blink, Probe  
  56  4:28  Gateway x2  
  56  4:32  Pylon  
  56  4:34  Observer  
  56  4:35  Sentry x2  
  56  4:37  Probe  
  61  4:44  Pylon  
  62  4:50  Gateway, Immortal  
  62  4:51  Gateway  
  66  5:04  Gateway  
  66  5:06  Gateway  
  66  5:11  Sentry x2  
  70  5:18  Immortal  
  70  5:20  Pylon  
  70  5:23  Sentry  
  70  5:24  Sentry  
  70  5:28  Pylon  
  78  5:42  Stalker  
  78  5:43  Stalker  
  78  5:47  Stalker  
  78  5:48  Stalker  
  86  5:54  Stalker  
  86  5:55  Pylon  
  88  6:08  Pylon  
  88  6:21  Stalker x6  
  88  6:25  Stalker  
  102  6:38  Stalker  
  104  6:44  Stalker x3  
  110  6:50  Pylon  
  109  7:09  Stalker x4  
  109  7:13  Pylon  
  109  7:14  Pylon  
  117  7:32  Stalker x6  
  93  7:54  Stalker x2  
  93  7:57  Stalker x3  
  95  8:02  Stalker, Zealot  
  87  8:40  Stalker x5  
  87  8:41  Stalker x3  
Show
View Real Time Build Order
Export as new Build Order

llllllllllll Zerg 

Build Orders: Hatch First 

Get SALT Encoding   

  12  0:00  Drone  
  13  0:13  Overlord  
  13  0:17  Drone  
  14  0:31  Drone x2  
  16  0:49  Hatchery  
  15  0:52  Drone  
  15  0:56  Drone  
  17  0:59  Drone  
  18  1:10  Extractor  
  17  1:15  Spawning Pool  
  17  1:18  Drone  
  17  1:21  Drone  
  18  1:29  Drone  
  19  1:39  Drone  
  20  1:51  Overlord  
  20  2:01  Queen x2  
  20  2:02  Zergling x4  
  26  2:12  Drone x2  
  28  2:22  Drone x2  
  30  2:42  Hatchery  
  30  2:43  Drone  
  30  2:48  Overlord  
  30  2:50  Drone  
  31  2:52  Drone  
  31  2:56  Drone  
  31  2:57  Drone  
  34  3:05  Drone  
  34  3:06  Drone  
  34  3:10  Drone x2  
  34  3:11  Drone x3  
  41  3:13  Drone  
  41  3:19  Queen  
  44  3:24  Spore Crawler  
  44  3:25  Drone  
  44  3:32  Overlord  
  44  3:34  Overlord  
  44  3:49  Roach Warren  
  44  3:51  Drone x5  
  44  3:52  Overlord, Drone x2  
  50  3:56  Lair  
  50  3:58  Drone  
  50  4:00  Drone  
  52  4:03  Overlord  
  52  4:06  Extractor x2  
  52  4:07  Queen  
  52  4:15  Drone  
  53  4:17  Overlord  
  53  4:19  Drone x2  
  53  4:24  Drone  
  56  4:30  Roach x6  
  68  4:33  Roach  
  68  4:35  Spore Crawler  
  68  4:37  Roach  
  71  4:41  Drone  
  71  4:44  Drone x2  
  74  4:48  Overlord  
  74  4:53  Overlord  
  74  4:54  Roach  
  74  4:55  Overseer  
  74  4:56  Glial Reconstitution  
  74  4:57  Roach  
  77  5:03  Zergling x8  
  81  5:07  Zergling x2  
  81  5:12  Zergling x2  
  81  5:13  Zergling x2  
  84  5:19  Metabolic Boost  
  78  5:22  Zergling x2  
  78  5:23  Zergling x8  
  78  5:27  Zergling x2  
  78  5:28  Zergling x2  
  85  5:32  Extractor, Zergling x2  
  85  5:34  Overseer  
  85  5:41  Queen  
  85  5:42  Zergling x6  
  88  5:47  Ravager x4  
  88  5:48  Zergling x4  
  94  5:52  Zergling x2  
  94  5:53  Zergling x6  
  98  5:57  Overlord  
  98  5:59  Zergling x2  
  98  6:00  Zergling x4  
  98  6:02  Overlord, Ravager  
  104  6:04  Roach  
  104  6:11  Roach  
  104  6:13  Overlord  
  104  6:16  Roach  
  108  6:21  Roach x3  
  108  6:24  Roach  
  108  6:25  Roach x2  
  120  6:29  Ravager  
  121  6:34  Roach x3  
  127  6:43  Roach  
  129  6:48  Overlord  
  129  6:49  Overlord  
  129  6:52  Overlord  
  129  6:54  Overlord x2  
  129  6:55  Overlord  
  129  7:00  Overlord x2  
  124  7:11  Roach x6  
  124  7:15  Ravager x4  
  135  7:16  Zergling x2  
  135  7:17  Zergling x2  
  135  7:25  Roach x3  
  135  7:26  Roach  
  135  7:27  Zergling x4  
  140  7:37  Zergling x6  
  128  7:48  Roach x3  
  107  7:56  Roach x3  
  86  8:01  Roach x5  
  86  8:02  Roach  
  93  8:05  Roach  
  93  8:06  Roach x2  
  93  8:10  Roach x3  
  91  8:21  Roach x3  
  88  8:29  Roach x2  
Tags
 
Add a new tag
Caveats
  • Supply blocks, unpowered buildings, or Contaminate may cause inaccurate times.
  • Supply counts are checked every 10 seconds.